 Dungeon Crawl Stone Soup version 0.28-a0-1206-g193881aaa2 (webtiles) character file.

Game seed: 7296055395605817074

130 siradein the Magician (level 4, -4/30 HPs)
             Began as a Demonspawn Hedge Wizard on Dec 21, 2021.
             Slain by a scorpion (7 damage)
             ... on level 3 of the Dungeon.
             The game lasted 00:08:50 (2453 turns).

siradein the Magician (Demonspawn Hedge Wizard)     Turns: 2453, Time: 00:08:51

Health: -4/30      AC:  3    Str: 10    XL:     4   Next: 90%
Magic:  5/9        EV: 12    Int: 18    God:
Gold:   65         SH:  5    Dex: 12    Spells: 1/10 levels left

rFire   . . .      SeeInvis .   o - +4 quarterstaff (chaos)
rCold   . . .      Faith    .   (shield currently unavailable)
rNeg    . . .      Spirit   .   b - +0 robe
rPois   .          Reflect  +   c - +0 hat
rElec   .          Harm     .   p - +0 cloak
rCorr   .          Rampage  .   (no gloves)
Will    .....                   (no boots)
Stlth   ++........              l - amulet of reflection
HPRegen 0.10/turn               (no ring)
MPRegen 0.11/turn               (no ring)

@: lethally poisoned (-4 -> -14)
A: demonic guardian 1, weakness stinger 2
a: no special abilities


You were on level 3 of the Dungeon.
You visited 1 branch of the dungeon, and saw 3 of its levels.

You collected 65 gold pieces.

Inventory:

Hand Weapons
 o - a +4 quarterstaff of chaos (weapon)
Armour
 b - a +0 robe (worn)
 c - a +0 hat (worn)
 p - a +0 cloak (worn)
Jewellery
 l - an amulet of reflection (around neck)
Scrolls
 a - a scroll of summoning {unknown}
 d - 3 scrolls of identify {unknown}
 e - a scroll of teleportation {unknown}
 i - a scroll of torment {unknown}
 j - a scroll of immolation {unknown}
 n - a scroll of enchant armour {unknown}
Potions
 f - 2 potions of ambrosia {unknown}
 g - 2 potions of curing {unknown}
 h - a potion of attraction {unknown}
 k - a potion of brilliance {unknown}
 m - a potion of haste {unknown}
 q - a potion of resistance {unknown}


   Skills:
 + Level 2.5 Dodging
 - Level 1.7 Stealth
 + Level 3.5 Spellcasting
 + Level 2.1 Conjurations
 + Level 0.1 Hexes
 + Level 2.1 Summonings
 + Level 2.0 Translocations
 + Level 0.1 Fire Magic


You had one spell level left.
You knew the following spells:

 Your Spells              Type           Power      Damage    Failure   Level
a - Magic Dart            Conj           44%        1d5       6%          1
b - Call Imp              Summ           11%        N/A       10%         2
c - Blink                 Tloc           20%        N/A       11%         2
d - Slow                  Hex            12%        N/A       14%         1
e - Conjure Flame         Conj/Fire      7%         6-21      28%         3

Your spell library contained the following spells:

 Spells                   Type           Power      Damage    Failure   Level
 Animate Skeleton         Necr           6%         N/A       16%         1
 Pain                     Necr           12%        1d4       16%         1
 Mephitic Cloud           Conj/Pois/Air  5%         N/A       34%         3
 Vampiric Draining        Necr           3%         2d6       43%         3


Dungeon Overview and Level Annotations

Branches:
Dungeon (3/15)

Altars:
Trog


Innate Abilities, Weirdness & Mutations

A weak demonic guardian rushes to your aid.
You have a tail ending in a sharp stinger.


Message History

Press: ? - help, Shift-Dir - straight line, f/p - scorpion
Aim: a scorpion (lightly wounded, ally target, chance to affect: 36%)
The scorpion easily resists.
The magic dart hits the scorpion but does no damage.
The scorpion is lightly wounded.
Your crimson imp blinks!
Casting: Magic Dart (safe; 6% risk of failure)
Confirm with . or Enter, or press ? or * to list all spells.
A beastly little devil appears in a puff of flame.
Your crimson imp hits the scorpion.
There is a stone staircase leading down here.
Your crimson imp hits the scorpion but does no damage.
You hit the scorpion.
The scorpion seems to speed up.
The scorpion is heavily wounded.
The scorpion barely misses you. You block the scorpion's attack.
Your crimson imp closely misses the scorpion.
The scorpion stings you.
You thump the scorpion!
The scorpion flickers and vanishes!
Deactivating autopickup; reactivate with Ctrl-A.
Something barely misses you.
Something stings you but does no damage.
No target in view!
Your crimson imp hits something but does no damage.
Something stings you. Something stings you.
You are poisoned.
Something poisons you!
You feel sick. Something stings you.
A ball python comes into view.
You feel sick. Something stings you.
* * * LOW HITPOINT WARNING * * *
You are lethally poisoned!
Something poisons you!
* * * LOW HITPOINT WARNING * * *
You feel very sick.
* * * LOW HITPOINT WARNING * * *
You feel sick.
The ball python hisses angrily.
Something stings you!
You die...

#.....:..................
##.............>.........
##.........#.###.#.#####..
#...#...##.#.# #.#.#
.#.........#.# #.#.#
.......#####.# #5#.#
...##### #.# #.#.# .....#
#.# #.#.. ...#.#######.#
#@### .............# #.#
...#.######### #.#
...#†#### #.# ........###
#S# †.........# #.#
#.##.##.#.# #.#
#.##.##.#.# #.#
#.##.##.#.#


You could see a ball python and a friendly crimson imp (summoned).

Vanquished Creatures
  Crazy Yiuf (D:2)
  4 adders
  2 worms
  A dart slug (D:1)
  2 ball pythons
  A bat (D:3)
  2 endoplasms (D:2)
  3 giant cockroaches
  5 goblins
  3 hobgoblins (D:2)
  2 jackals (D:1)
  3 quokkas
  2 frilled lizards
  A kobold (D:1)
  A rat (D:2)
33 creatures vanquished.

Vanquished Creatures (collateral kills)
  Terence (D:2)
1 creature vanquished.

Vanquished Creatures (others)
  5 fungi (D:2)
5 creatures vanquished.

Grand Total: 39 creatures vanquished

Notes
Turn   | Place    | Note
-------+----------+-------------------------------------------
     0 | D:1      | siradein the Demonspawn Hedge Wizard began the quest for
                  | the Orb.
     0 | D:1      | Reached XP level 1. HP: 13/13 MP: 4/4
   107 | D:1      | Reached skill level 1 in Translocations
   608 | D:1      | Gained mutation: You have a small tail. [demonic ancestry]
   608 | D:1      | Reached XP level 2. HP: 19/19 MP: 1/6
   693 | D:1      | Found a faded altar of an unknown god.
   953 | D:2      | Learned a level 2 spell: Call Imp
   956 | D:2      | Learned a level 2 spell: Blink
   958 | D:2      | Learned a level 1 spell: Slow
  1012 | D:2      | Found a bloodstained altar of Trog.
  1201 | D:2      | Gained mutation: You have a tail ending in a sharp stinger.
                  | [demonic ancestry]
  1201 | D:2      | Reached XP level 3. HP: 15/24 MP: 2/7
  1354 | D:2      | Noticed Terence
  1362 | D:2      | Killed Terence
  1363 | D:2      | Gained mutation: A weak demonic guardian rushes to your
                  | aid. [demonic ancestry]
  1363 | D:2      | Reached XP level 4. HP: 30/30 MP: 3/9
  1980 | D:2      | Found a runed translucent door.
  1981 | D:2      | Noticed Crazy Yiuf
  2064 | D:2      | Killed Crazy Yiuf
  2320 | D:3      | Learned a level 3 spell: Conjure Flame
  2429 | D:3      | Noticed a scorpion
  2453 | D:3      | Slain by a scorpion

Illustrated notes

Levels and vault maps discovered:
D:1:      mushboom_english_gardens, layout_loops_cross,
          shapermc_ecumenical_altar_totnotflames
D:2:      layout_basic, basic_altar, uniq_crazy_yiuf_cottage, uniq_terence
D:3:      layout_loops_ring, st_stairs_4, kennysheep_cross_bottleneck

Skill      XL: |  1  2  3  4 |
---------------+-------------+-----
Translocations | 1 2 |  2.0
Dodging        | 2 |  2.5
Conjurations   | 2 |  2.1
Summonings     | 2 |  2.1
Stealth        | |  1.7
Spellcasting   | |  3.5
Hexes          | |  0.1
Fire Magic     | |  0.1

Action                   |  1- 3 |  4- 6 || total
-------------------------+-------+-------++-------
Melee: Dagger            |    31 |     8 ||    39
       Tailslap          |     3 |     2 ||     5
       Quarterstaff      |       |    10 ||    10
 Cast: Magic Dart        |    36 |    32 ||    68
       Call Imp          |     1 |     7 ||     8
       Slow              |       |     3 ||     3
 Stab: Sleeping          |       |     3 ||     3
Armor: Robe              |     5 |     2 ||     7
Dodge: Dodged            |    16 |     6 ||    22
Block: Other             |       |     2 ||     2

Table legend: (Time is in decaauts)
 A = Elapsed time spent in this place.
 B = Non-inter-level travel time spent in this place.
 C = Inter-level travel time spent in this place.
 D = Time resting spent in this place.
 E = Time spent auto-exploring this place.
 F = Levels seen in this place.
 G = Mean time per level.
                   A        B        C        D        E       F      G
               +--------+--------+--------+--------+--------+-----+--------+
         Total |   2454 |   2386 |     68 |      0 |   2015 |   3 |  818.0 |
       Dungeon |   2454 |   2386 |     68 |      0 |   2015 |   3 |  818.0 |
               +--------+--------+--------+--------+--------+-----+--------+

Top non-repeatable levels by time:
     D:2: 1322 daAuts
     D:1: 920 daAuts
     D:3: 211 daAuts
